 Dungeon Crawl Stone Soup version 0.30-a0-778-g2ef04afb54 (webtiles) character file.

Game seed: 17609928116707466195

83 KristoblXynda the Conjurer (level 4, -5/33 HPs)
             Began as a Draconian Conjurer on Feb 15, 2023.
             Killed from afar by an orc wizard (9 damage)
             ... with a puff of flame
             ... on level 3 of the Dungeon.
             The game lasted 00:05:26 (2221 turns).

KristoblXynda the Conjurer (Draconian Conjurer)     Turns: 2221, Time: 00:05:26

Health: -5/33      AC:  5    Str: 12    XL:     4   Next: 22%
Magic:  4/8        EV: 12    Int: 24    God:
Gold:   150        SH:  0    Dex:  9    Spells: 4/8 levels left

rFire   . . .      SeeInvis .    g - +0 long sword
rCold   . . .      Faith    .    (no shield)
rNeg    . . .      Spirit   .    (body armour unavailable)
rPois   .          Reflect  .    (helmet restricted)
rElec   .          Harm     .    (no cloak)
rCorr   .          Rampage  .    (no gloves)
Will    .....                    (no boots)
Stlth   ++                       (no amulet)
HPRegen 0.25/turn                j - +6 ring of intelligence
MPRegen 0.11/turn                (no ring)

@: mighty
A: AC +5, unfitting armour, cold-blooded
a: no special abilities


You were on level 3 of the Dungeon.
You visited 1 branch of the dungeon, and saw 3 of its levels.

You collected 150 gold pieces.

Inventory:

Hand Weapons
 g - a +0 long sword (weapon)
Jewellery
 j - a +6 ring of intelligence (left hand)
Scrolls
 b - 2 scrolls of identify {unknown}
 c - a scroll of vulnerability {unknown}
 e - 2 scrolls of noise {unknown}
 h - a scroll of fog {unknown}
 i - 2 scrolls of amnesia {unknown}
 k - a scroll of poison {unknown}
 n - a scroll of blinking {unknown}
 o - a scroll of torment {unknown}
Potions
 a - a potion of magic
 d - a potion of might
 f - a potion of curing
 l - a potion of berserk rage {unknown}
 m - a potion of resistance {unknown}


   Skills:
 + Level 2.7 Dodging
 - Level 1.7 Stealth
 + Level 2.9 Spellcasting
 + Level 4.6 Conjurations


You had 4 spell levels left.
You knew the following spells:

 Your Spells              Type           Power      Damage    Failure   Level
a - Magic Dart            Conj           100%       1d8       1%          1
b - Dazzling Flash        Conj/Hex       28%        N/A       13%         3

Your spell library contained the following spells:

 Spells                   Type           Power      Damage    Failure   Level
 Searing Ray              Conj           50%        2d6       2%          2
 Summon Small Mammal      Summ           12%        N/A       11%         1
 Call Canine Familiar     Summ           3%         N/A       32%         3
 Ignite Poison            Fire/Tmut/Pois 3%         N/A       32%         3
 Inner Flame              Hex/Fire       3%         N/A       32%         3
 Summon Guardian Golem    Hex/Summ       3%         N/A       32%         3
 Flame Wave               Conj/Fire      14%        2d6       38%         4
 Fulminant Prism          Conj/Hex       7%         3d6       38%         4
 Iskenderun's Mystic Bla  Conj/Tloc      14%        2d5       38%         4
 Sticky Flame             Conj/Fire      14%        2d4       38%         4
 Ignition                 Fire           1%         3d3       100%        8


Dungeon Overview and Level Annotations

Branches:
Dungeon (3/15)

Altars:
Hepliaklqana
Makhleb


Innate Abilities, Weirdness & Mutations

Your plain brown scales are hard. (AC +5)
You cannot fit into any form of body armour.
You are cold-blooded and may be slowed by cold attacks.


Message History

The spell is quite dangerous to miscast (13% risk of failure)!
Continue anyway?
Okay, then.
Casting: Dazzling Flash (quite dangerous; 13% risk of failure)
Confirm with . or Enter, or press ? or * to list all spells.
You don't know that spell.
Unknown command.
Unknown command.
Casting: Dazzling Flash (quite dangerous; 13% risk of failure)
Confirm with . or Enter, or press ? or * to list all spells.
You don't know that spell.
Casting: Dazzling Flash (quite dangerous; 13% risk of failure)
Confirm with . or Enter, or press ? or * to list all spells.
The spell is quite dangerous to miscast (13% risk of failure)!
Continue anyway? [Y]es or [N]o only, please.
The spell is quite dangerous to miscast (13% risk of failure)!
Continue anyway?
Casting: Dazzling Flash (quite dangerous; 13% risk of failure)
Press: ? - help, Dir - look around, f - activate Look: an orc priest, wielding a +0 dagger (chance to dazzle: 61%)
The orc priest is dazzled.
The orc priest mumbles some strange prayers to Beogh against you.
Something writhes in agony!
Something hits you.
The orc priest casts a cantrip, but nothing happens.
The orc wizard mumbles some strange words.
The orc wizard flickers and vanishes!
You hear some strange, mumbled words.
A puff of flame appears from out of thin air!
The puff of flame hits you.
Things that are here:
a +0 flail; a +0 ring mail; an orc corpse You slash the orc priest!
You tail-slap the orc priest.
You kill the orc priest!
You hear some strange, mumbled words.
A magic dart appears from out of thin air!
The magic dart hits you!
* * * LOW HITPOINT WARNING * * *
Something barely misses you.
You hear some strange, mumbled words.
A puff of flame appears from out of thin air!
The puff of flame hits you!
You die...

####.##### ##...##
##.......## #....#
##.....## #.........#
.###..# ##.......##
#.#.#.###.# ## ##(.#
#.........###.....# #.#
# ....
+.........'.......# #.#
#
..####....._...###.....#
#># .# .## ##.......##
#.#.#†# #.# #.. ##
##o...{## #.###.###.#
#.# ##.)@## #.........#
.# ##'.# #####.##### #
##'# #.# ... #.# $8.8.
#######.#
#$.$$$##.......#
#.8$8.##.#######
##$_.###†# #####...#


You could see an orc priest (blind).

Vanquished Creatures
  An orc priest (D:3)
  An adder (D:2)
  5 orcs (D:3)
  10 ball pythons
  6 bats
  4 endoplasms
  3 giant cockroaches
  8 hobgoblins
  8 jackals
  6 kobolds
  3 quokkas (D:2)
  4 frilled lizards
  4 rats
63 creatures vanquished.

Notes
Turn   | Place    | Note
-------+----------+-------------------------------------------
     0 | D:1      | KristoblXynda the Draconian Conjurer began the quest for
                  | the Orb.
     0 | D:1      | Reached XP level 1. HP: 14/14 MP: 3/3
   241 | D:1      | Reached XP level 2. HP: 20/20 MP: 0/5
   499 | D:1      | Found a faded altar of an unknown god.
   982 | D:2      | Reached XP level 3. HP: 26/26 MP: 1/6
  1113 | D:2      | Learned a level 3 spell: Dazzling Flash
  1844 | D:3      | Found a hazy altar of Hepliaklqana.
  1935 | D:3      | Reached XP level 4. HP: 22/33 MP: 0/8
  2197 | D:3      | Found a burning altar of Makhleb.
  2221 | D:3      | Killed from afar by an orc wizard

Illustrated notes

Levels and vault maps discovered:
D:1:      minmay_arrival_nine_rooms, layout_rooms,
          nicolae_ecumenical_snake_handling, hangedman_decor_points,
          minmay_misc_feat_nine_boxes, minmay_tromino_i4
D:2:      layout_rooms
D:3:      kennysheep_goblin_castle, layout_loops_corners, lemuel_crystal_altar,
          marbit_many_paths, bloody_makhleb, st_stairs_2, minmay_statues_item,
          kennysheep_orc_chapel

Skill      XL: |  1 |
---------------+----+-----
Dodging        | 2 |  2.7
Stealth        | |  1.7
Spellcasting   | |  2.9
Conjurations   | |  4.6

Action                     |  1- 3 |  4- 6 || total
---------------------------+-------+-------++-------
  Melee: Unarmed           |    17 |       ||    17
         Tailslap          |     9 |     7 ||    16
         Dagger            |    19 |       ||    19
         Long sword        |    41 |    29 ||    70
         Punch             |     2 |     1 ||     3
   Cast: Magic Dart        |    82 |     2 ||    84
         Dazzling Flash    |       |     1 ||     1
    Use: Potion            |       |     2 ||     2
   Stab: Sleeping          |     1 |     1 ||     2
 Armour: Skin              |    50 |     9 ||    59
  Dodge: Dodged            |   107 |    25 ||   132

Table legend: (Time is in decaauts)
 A = Elapsed time spent in this place.
 B = Non-inter-level travel time spent in this place.
 C = Inter-level travel time spent in this place.
 D = Time resting spent in this place.
 E = Time spent auto-exploring this place.
 F = Levels seen in this place.
 G = Mean time per level.
                   A        B        C        D        E       F      G
               +--------+--------+--------+--------+--------+-----+--------+
         Total |   2248 |   2213 |     35 |    271 |   1514 |   3 |  749.3 |
       Dungeon |   2248 |   2213 |     35 |    271 |   1514 |   3 |  749.3 |
               +--------+--------+--------+--------+--------+-----+--------+

Top non-repeatable levels by time:
     D:1: 953 daAuts
     D:2: 853 daAuts
     D:3: 441 daAuts
